 Dungeon Crawl Stone Soup version 0.26-a0-940-gf7e0b5f775 (webtiles) character file.

Game seed: 17918496955258856394

9255 mandarbmax the Cruncher (level 11, -8/87 HPs)
             Began as a Formicid Fighter on Nov 28, 2020.
             Was a Priest of Makhleb.
             Mangled by Sonja
             ... wielding a +2 short sword of distortion
              (14 damage)
             ... on level 9 of the Dungeon.
             The game lasted 00:25:09 (10738 turns).

mandarbmax the Cruncher (Formicid Fighter)         Turns: 10738, Time: 00:25:10

Health: -8/87      AC: 12    Str: 20    XL:     11   Next: 71%
Magic:  18/18      EV:  7    Int:  9    God:    Makhleb [***...]
Gold:   397        SH:  9    Dex: 13    Spells: 10/10 levels left

rFire    + . .     SeeInvis +   a - +1 quarterstaff
rCold    . . .     Faith    .   c - +0 kite shield
rNeg     . . .     Spirit   .   x - +1 scale mail {MR+}
rPois    .         Reflect  .   (helmet unavailable)
rElec    .         Harm     .   b - +0 cloak
rCorr    .         Rampage  .   (no gloves)
MR       ++...                  e - +2 pair of boots
Stlth    ..........             (no amulet)
HPRegen  0.24/turn              y - ring of protection from fire
MPRegen  0.16/turn              (no ring)

@: lethally poisoned (-8 -> -18), lightly drained
A: permanent stasis, dig shafts and tunnels, four strong arms, antennae 3
a: Dig, Shaft Self, Minor Destruction, Lesser Servant of Makhleb, Renounce
Religion


You were on level 9 of the Dungeon.
You worshipped Makhleb.
Makhleb was most pleased with you.
You visited 1 branch of the dungeon, and saw 10 of its levels.

You collected 462 gold pieces.
You spent 65 gold pieces at shops.

Inventory:

Hand Weapons
 a - a +1 quarterstaff (weapon)
Missiles
 i - 59 bolts
 l - 39 poisoned darts
 m - 2 throwing nets
 s - 8 atropa-tipped darts
Armour
 b - a +0 cloak (worn)
 c - a +0 kite shield (worn)
 e - a +2 pair of boots (worn)
 x - a +1 scale mail of magic resistance (worn)
Jewellery
 y - a ring of protection from fire (left hand)
Wands
 d - a wand of digging (10)
 v - a wand of flame (10)
Scrolls
 q - 4 scrolls of fog
 t - a scroll of identify
 w - a scroll of amnesia
 A - a scroll of remove curse
 B - a scroll of fear
Potions
 f - 5 potions of mutation
 g - a potion of resistance
 h - 2 potions of cancellation
 j - a potion of flight
 n - 2 potions of brilliance
 r - 2 potions of ambrosia
 u - a potion of magic
 z - 2 potions of attraction


   Skills:
 + Level 8.9(8.8) Fighting
 * Level 13.0(12.8) Staves
 - Level 4.0(3.8) Armour
 - Level 4.0(3.8) Shields
 - Level 10.0(9.8) Invocations


You had 10 spell levels left.
You didn't know any spells.
Your spell library contained the following spells:

 Spells                   Type           Power        Failure   Level
 Corona                   Hex            #......      98%         1
 Ensorcelled Hibernation  Hex/Ice        #.....       99%         2
 Confusing Touch          Hex            #.......     100%        3
 Dazzling Flash           Conj/Hex       #.....       100%        3
 Gell's Gravitas          Tloc           #.........   100%        3
 Tukima's Dance           Hex            #.......     100%        3
 Petrify                  Tmut/Erth      #.......     100%        4
 Metabolic Englaciation   Hex/Ice        #.........   100%        5
 Yara's Violent Unravell  Hex/Tmut       #.........   100%        5


Dungeon Overview and Level Annotations

Branches:
Dungeon (10/15)            Temple (0/1) D:6
   Lair: D:8-11         Orc: D:9-12

Altars:
Ashenzari
Cheibriados
Makhleb
Xom

Shops:
D:8 *

Annotations:
D:8 Joseph
D:9 Sonja
D:10 Josephine


Innate Abilities, Weirdness & Mutations

You cannot be hasted, slowed, berserked, paralysed or teleported.
You can dig through walls and to a lower floor.
Your four strong arms can wield two-handed weapons with a shield.
You have a pair of large antennae on your head. (SInv)


Message History

Unknown command.
Unknown command.
You feel sick. Sonja hits you but does no damage.
Sonja hits you with a +2 short sword of distortion.
Space bends around you. Sonja hits you but does no damage.
Space warps horribly around you! You block the water moccasin's attack.
The yak completely misses you. Sonja hits you but does no damage. x3
Space warps horribly around you! The yak gores you but does no damage.
You climb upwards.
You feel sick.
There is a stone staircase leading down, spattered with blood here.
Unknown command.
Okay, then.
Okay, then.
A demon appears!
You feel sick. You block the water moccasin's attack.
Sonja hits you but does no damage. Space warps horribly around you!
* * * LOW HITPOINT WARNING * * *
Sonja hits you but does no damage. Space warps horribly around you!
* * * LOW HITPOINT WARNING * * *
Sonja hits you but does no damage. Space warps horribly around you!
You die...

....# #.#....#...# #.#. ....#
#.#....#...# #.#. ....#
#†#....#...# #.#. ....##
#.#....#...# #÷#. .....#
#.'....#...######÷#. .....#
#.######..........#.
##...#########....4............##
#..........).(SY................
#.#########...Y@................
#.# #....K.....########... ##.#
#..........# #..# ...#
##.........# #..# ...#
#.........# #.##
...##########.........# #.#.
......................# #.#.
........###########.### #.#.
.......<#.........#.# #.#.


You could see 2 yaks, Sonja, a water moccasin and a friendly hellwing
(summoned).

Vanquished Creatures
  Gastronok (D:8)
  A two-headed ogre (D:9)
  Pikel (D:8)
  A rust devil (D:6)
  Psyche (D:8)
  Maggie (D:6)
  A wraith (D:9)
  A wyvern (D:8)
  11 yaks (D:9)
  A water moccasin (D:9)
  3 orc warriors (D:9)
  Duvessa (D:6)
  3 ice beasts
  A sky beast (D:3)
  4 black bears
  3 ogres
  A centaur (D:7)
  A lemure (D:8)
  4 bullfrogs
  Dowan (D:6)
  3 scorpions
  A water moccasin skeleton (D:8)
  4 wights (D:7)
  A howler monkey (D:4)
  A bullfrog zombie (D:4)
  2 jellies (D:5)
  3 orc priests
  A gnoll shaman (D:5)
  5 hounds
  16 orc wizards
  Jessica (D:2)
  2 centaur skeletons
  Natasha (D:2)
  4 iguanas
  2 worker ants (D:4)
  A hound zombie (D:8)
  15 gnolls
  6 adders
  A white imp (D:6)
  2 ufetubi
  An adder zombie (D:9)
  4 adder skeletons
  A worm (D:2)
  2 dart slugs (D:1)
  3 leopard geckos
  23 orcs
  2 ball pythons
  16 giant cockroaches
  12 hobgoblins
  20 jackals
  A quokka (D:4)
  6 bats
  4 frilled lizards
  5 goblins
  9 kobolds
  A quokka zombie (D:6)
  8 rats
232 creatures vanquished.

Vanquished Creatures (collateral kills)
  An ice beast (D:8)
  An ogre (D:8)
  A bullfrog zombie (D:8)
3 creatures vanquished.

Vanquished Creatures (others)
  A fungus (D:10)
  11 plants
12 creatures vanquished.

Grand Total: 247 creatures vanquished

Notes
Turn   | Place    | Note
-------+----------+-------------------------------------------
     0 | D:1      | mandarbmax the Formicid Fighter began the quest for the
                  | Orb.
     0 | D:1      | Reached XP level 1. HP: 18/18 MP: 1/1
    78 | D:1      | Reached XP level 2. HP: 18/24 MP: 2/2
   505 | D:1      | Reached XP level 3. HP: 29/30 MP: 3/3
   871 | D:2      | Noticed Jessica
   885 | D:2      | Killed Jessica
   886 | D:2      | Reached skill level 3 in Staves
   886 | D:2      | Reached XP level 4. HP: 34/37 MP: 4/4
  1312 | D:2      | Reached XP level 5. HP: 37/42 MP: 5/5
  1412 | D:2      | Reached skill level 4 in Staves
  1704 | D:2      | Reached XP level 6. HP: 48/48 MP: 6/6
  1786 | D:2      | Noticed Natasha
  1802 | D:2      | Killed Natasha
  1803 | D:2      | Reached skill level 5 in Staves
  1846 | D:2      | Found a burning altar of Makhleb.
  1854 | D:2      | Became a worshipper of Makhleb the Destroyer
  1990 | D:3      | Reached skill level 1 in Invocations
  2139 | D:3      | Noticed a sky beast
  2172 | D:3      | Killed a sky beast
  2519 | D:3      | Reached XP level 7. HP: 54/54 MP: 8/8
  3195 | D:3      | Reached skill level 6 in Staves
  3351 | D:4      | Reached * piety under Makhleb
  3729 | D:4      | Reached skill level 7 in Staves
  3729 | D:4      | Reached XP level 8. HP: 43/60 MP: 10/10
  4426 | D:5      | Entered Level 5 of the Dungeon
  5477 | D:5      | Reached skill level 8 in Staves
  5477 | D:5      | Reached skill level 5 in Invocations
  5941 | D:6      | Noticed an angel
  6056 | D:6      | Noticed Dowan
  6061 | D:6      | Noticed Duvessa
  6074 | D:6      | Killed Duvessa
  6074 | D:6      | Reached ** piety under Makhleb
  6078 | D:6      | Killed Dowan
  6090 | D:6      | Reached XP level 9. HP: 48/65 MP: 13/13
  6214 | D:6      | Noticed a rust devil
  6225 | D:6      | Found a staircase to the Ecumenical Temple.
  6231 | D:6      | Reached skill level 9 in Staves
  6317 | D:6      | Noticed Maggie
  6333 | D:6      | Killed Maggie
  6566 | D:6      | Killed a rust devil
  6567 | D:6      | Reached skill level 5 in Fighting
  6980 | D:7      | Reached skill level 10 in Staves
  7421 | D:7      | Found a sand-covered staircase.
  7774 | D:8      | Noticed Psyche
  7784 | D:8      | Killed Psyche
  7785 | D:8      | Reached XP level 10. HP: 55/76 MP: 15/15
  7914 | D:8      | Noticed Gastronok
  7926 | D:8      | Found a shimmering altar of Xom.
  7968 | D:8      | Killed Gastronok
  7969 | D:8      | Reached skill level 11 in Staves
  7973 | D:8      | Reached *** piety under Makhleb
  8064 | D:8      | Noticed Pikel
  8101 | D:8      | Killed Pikel
  8409 | D:8      | Found Mebucw Wihi's General Store.
  8418 | D:8      | Bought a scroll of fear for 35 gold pieces
  8418 | D:8      | Bought a potion of attraction for 30 gold pieces
  8550 | D:8      | Reached XP level 11. HP: 84/84 MP: 17/17
  8562 | D:8      | Noticed Joseph
  9000 | D:8      | Found a broken altar of Ashenzari.
  9000 | D:8      | Found a snail-covered altar of Cheibriados.
  9131 | D:9      | Reached skill level 12 in Staves
  9320 | D:9      | Noticed a two-headed ogre
  9338 | D:9      | Killed a two-headed ogre
  9709 | D:9      | Reached skill level 10 in Invocations
 10349 | D:10     | Entered Level 10 of the Dungeon
 10351 | D:10     | Noticed Josephine
 10446 | D:10     | Noticed Sonja
 10478 | D:9      | Reached skill level 13 in Staves
 10738 | D:9      | Mangled by Sonja

Illustrated notes

Levels and vault maps discovered:
D:1:      dpeg_arrival_shelter, layout_basic
D:2:      layout_basic, marbit_many_paths, uniq_jessica, uniq_natasha
D:3:      minmay_roachtagon, layout_basic
D:4:      layout_loops_ring
D:5:      layout_loops_cross, minmay_a_box_with_orc_wizards_in_it
D:6:      layout_rooms, temple_garden, uniq_maggie, uniq_duvessa
D:7:      layout_cave_pods, nicolae_ossuary_entry_false_entrances
D:8:      layout_basic, overflow_temple_1_default, minitemple, serial_shops,
          shop, minmay_crossroads, uniq_gastronok, uniq_joseph, uniq_psyche,
          uniq_pikel
D:9:      layout_irregular_city
D:10:     layout_cave_pools, minmay_lair_entry_grove, serial_gnoll_camp,
          gnoll_camp_mini_basic, gnoll_camp_medium_02, gnoll_camp_mini_doghouse,
          gnoll_camp_mini_basic, serial_bayou_pond_b, okawaru_trees_1,
          uniq_josephine, uniq_sonja

Skill      XL: |  1  2  3  4  5  6  7  8  9 10 11 |
---------------+----------------------------------+-----
Shields        | 4 |  4.0
Armour         | 4 |  4.0
Fighting       | 4 5 7 8 |  8.9
Staves         | 3 4 5 7 8 10 11 13 | 13.0
Invocations    | 2 3 5 7 9 10 | 10.0

Action                   |  1- 3 |  4- 6 |  7- 9 | 10-12 || total
-------------------------+-------+-------+-------+-------++-------
Melee: Quarterstaff      |   113 |   171 |   316 |   333 ||   933
Throw: Dart              |       |     2 |    15 |       ||    17
       Throwing net      |       |       |     1 |       ||     1
Invok: Minor Destruction |       |       |    36 |    40 ||    76
       Lesser Servant of |       |       |       |     3 ||     3
 Abil: Dig               |     1 |     4 |     4 |     2 ||    11
Evoke: Wand              |       |       |    19 |    30 ||    49
  Use: Potion            |       |     3 |     3 |     3 ||     9
       Scroll            |       |       |    22 |     1 ||    23
 Stab: Invisible         |       |     3 |       |       ||     3
Armor: Scale mail        |    33 |    49 |    26 |   109 ||   217
       Skin              |       |       |    11 |       ||    11
       Leather armour    |       |       |    21 |       ||    21
       Steam dragon scal |       |       |     5 |       ||     5
Dodge: Dodged            |    39 |    45 |    83 |    75 ||   242
Block: Kite shield       |    51 |    82 |   108 |   109 ||   350

Table legend: (Time is in decaauts)
 A = Elapsed time spent in this place.
 B = Non-inter-level travel time spent in this place.
 C = Inter-level travel time spent in this place.
 D = Time resting spent in this place.
 E = Time spent auto-exploring this place.
 F = Levels seen in this place.
 G = Mean time per level.
                   A        B        C        D        E       F      G
               +--------+--------+--------+--------+--------+-----+--------+
         Total |  10712 |  10350 |    362 |   2685 |   5852 |  10 | 1071.2 |
       Dungeon |  10712 |  10350 |    362 |   2685 |   5852 |  10 | 1071.2 |
               +--------+--------+--------+--------+--------+-----+--------+

Top non-repeatable levels by time:
     D:9: 1598 daAuts
     D:4: 1430 daAuts
     D:3: 1366 daAuts
     D:5: 1265 daAuts
     D:8: 1263 daAuts
     D:2: 1114 daAuts
     D:7: 1083 daAuts
     D:1: 826 daAuts
     D:6: 728 daAuts
    D:10: 35 daAuts
